 Dungeon Sprint DCSS version 0.26-a0-660-gc07710193c (webtiles) character file.

Game seed: 7563156695911724600

2238 mhtbhm the Carver (level 9, -11/127 HPs)
             Began as a Minotaur Fighter on Oct 6, 2020.
             Was an Elder of Trog.
             Killed from afar by a burning bush (12 damage)
             ... with a puff of flame
             ... in the Dungeon (Sprint IV: "Fedhas' Mad Dash").
             The game lasted 00:02:24 (2062 turns).

mhtbhm the Carver (Minotaur Fighter)                Turns: 2062, Time: 00:02:24

Health: -11/127    AC:  5    Str: 24    XL:     9   Next: 14%
Magic:  7/8        EV: 10    Int:  5    God:    Trog [****..]
Gold:   181        SH:  0    Dex: 10    Spells: 8/8 levels left

rFire    . . .     SeeInvis .   a - +0 long sword
rCold    . . .     Faith    .   c - +0 kite shield
rNeg     . . .     Spirit   .   b - +0 scale mail
rPois    .         Reflect  .   (helmet restricted)
rElec    .         Harm     .   (no cloak)
rCorr    .         Rampage  .   (no gloves)
MR       .....     NoTele   +   (no boots)
Stlth    ..........             i - amulet of invisibility {+Inv}
HPRegen  0.31/turn              (no ring)
MPRegen  0.11/turn              (no ring)

@: confused, berserking, corroded, very slightly contaminated, very quick
A: retaliatory headbutt, horns 2
a: Berserk, Trog's Hand, Brothers in Arms, Renounce Religion, Evoke Invisibility


You were in the Dungeon.
You worshipped Trog.
Trog was greatly pleased with you.
You visited 1 branch You collected 181 gold pieces.

Inventory:

Hand Weapons
 a - a +0 long sword (weapon)
Armour
 b - a +0 scale mail (worn)
 c - a +0 kite shield (worn)
Jewellery
 i - the amulet of invisibility (around neck) {+Inv}
   (You found it in the Dungeon)

   [amulet of nothing]

   It lets you turn invisible.
Wands
 l - a wand of digging (5)
Scrolls
 j - a scroll of blinking
 k - a scroll of amnesia {unknown}
 m - a scroll of identify {unknown}
Potions
 d - a potion of might
 e - 2 potions of curing
 f - 2 potions of heal wounds
 g - a potion of haste
 h - 2 potions of magic


   Skills:
 + Level 10.0 Fighting
 + Level 12.9 Long Blades
 + Level 11.2 Armour
 + Level 3.2 Dodging
 + Level 7.0 Stealth
 + Level 9.7 Shields
 + Level 6.4 Evocations


You had 8 spell levels left.
You didn't know any spells.
Your spell library was empty.

Dungeon Overview and Level Annotations

Branches:
Dungeon (1/1)

Altars:
Cheibriados
Dithmenos
Elyvilon
Gozag
Hepliaklqana
Kikubaaqudgha
Makhleb
Nemelex Xobeh
Okawaru
Qazlal
Ru
Sif Muna
Trog
Uskayaw
Vehumet
Wu Jian
Xom
Yredelemnul
Zin
The Shining One
Beogh
Jiyva
Lugonu

Shops:
D [}=[


Innate Abilities, Weirdness & Mutations

You reflexively headbutt those who attack you in melee.
You have a pair of horns on your head.


Message History

The splash of acid hits you.
* * * LOW HITPOINT WARNING * * *
You are splashed with acid!!
* * * LOW HITPOINT WARNING * * *
You slash the oklob sapling!
You destroy the oklob sapling!
Trog accepts your kill.
The wandering mushroom completely misses you.
You slash the wandering mushroom!
You headbutt the wandering mushroom, but do no damage.
The wandering mushroom is moderately damaged.
You slice the wandering mushroom!!
The wandering mushroom is severely damaged.
The wandering mushroom releases spores at you.
* * * LOW HITPOINT WARNING * * *
You are engulfed in a cloud of spores!
You are confused.
The burning bush throws fire at you. The puff of flame hits you!
You die...

#<..P#.....#.....#.⌠._._._._.⌠.
#PP..'.....'.#...'.._._._._._..
#PPPP#.....#.#...#..._._._._...
###############'##.._._._._._..
#...♣........'...#._._._._._.⌠.
#......♣.....#...##############
#.....♣..♣..######
##'####'######.=+
#..#....'.....@f#
#..#.)###P......# #######
#########


You could see a wandering mushroom and a burning bush.

Vanquished Creatures
  2 oklob plants (D)
  A queen bee (D)
  2 burning bushes (D)
  2 wandering mushrooms (D)
  2 scorpions (D)
  4 killer bees (D)
  A worker ant (D)
  5 oklob saplings (D)
  2 spriggans (D)
  A river rat (D)
  A rat (D)
23 creatures vanquished.

Notes
Turn   | Place    | Note
-------+----------+-------------------------------------------
     0 | D        | mhtbhm the Minotaur Fighter began the quest for the Orb.
     0 | D        | Reached XP level 1. HP: 19/19 MP: 0/0
    15 | D        | Reached XP level 2. HP: 3/28 MP: 1/1
   402 | D        | Noticed an oklob sapling
   403 | D        | Killed an oklob sapling
   403 | D        | Reached skill level 5 in Fighting
   403 | D        | Reached skill level 3 in Long Blades
   403 | D        | Reached skill level 5 in Armour
   403 | D        | Reached skill level 5 in Shields
   403 | D        | Reached XP level 3. HP: 36/36 MP: 2/2
   435 | D        | Found the amulet of invisibility {+Inv}
   460 | D        | Found an opulent altar of Gozag.
   460 | D        | Found a hazy altar of Hepliaklqana.
   460 | D        | Found a burning altar of Makhleb.
   460 | D        | Found a roughly hewn altar of Beogh.
   460 | D        | Found a sparkling altar of Nemelex Xobeh.
   460 | D        | Found a snail-covered altar of Cheibriados.
   460 | D        | Found a sacrificial altar of Ru.
   460 | D        | Found a shimmering blue altar of Sif Muna.
   460 | D        | Found a shimmering altar of Xom.
   460 | D        | Found a basalt altar of Yredelemnul.
   464 | D        | Found a viscous altar of Jiyva.
   464 | D        | Found a bloodstained altar of Trog.
   464 | D        | Found an ornate altar of the Wu Jian Council.
   464 | D        | Noticed an oklob sapling priest
   465 | D        | Found an iron altar of Okawaru.
   465 | D        | Found a shadowy altar of Dithmenos.
   465 | D        | Found a glowing silver altar of Zin.
   466 | D        | Found an ancient bone altar of Kikubaaqudgha.
   466 | D        | Found a hide-covered altar of Uskayaw.
   467 | D        | Found a stormy altar of Qazlal.
   467 | D        | Found a white marble altar of Elyvilon.
   467 | D        | Found a glowing golden altar of the Shining One.
   468 | D        | Found a corrupted altar of Lugonu.
   468 | D        | Found a radiant altar of Vehumet.
   476 | D        | Killed an oklob sapling priest
   476 | D        | Reached skill level 4 in Long Blades
   476 | D        | Reached XP level 4. HP: 23/45 MP: 1/3
   480 | D        | Became a worshipper of Trog the Wrathful
  1022 | D        | Reached XP level 5. HP: 52/52 MP: 1/4
  1199 | D        | Reached * piety under Trog
  1199 | D        | Reached skill level 1 in Stealth
  1199 | D        | Reached skill level 1 in Evocations
  1239 | D        | Reached skill level 5 in Long Blades
  1239 | D        | Reached skill level 1 in Dodging
  1243 | D        | Reached XP level 6. HP: 56/61 MP: 5/5
  1295 | D        | Found Puqomota's Gadget Shop.
  1295 | D        | Found Luevviux's Armour Emporium.
  1490 | D        | Noticed a burning bush
  1490 | D        | Noticed a wandering mushroom
  1491 | D        | Noticed a wandering mushroom
  1499 | D        | Killed a burning bush
  1499 | D        | Reached ** piety under Trog
  1499 | D        | Reached skill level 7 in Long Blades
  1501 | D        | Reached skill level 8 in Long Blades
  1501 | D        | Reached skill level 10 in Armour
  1501 | D        | Reached XP level 7. HP: 69/69 MP: 3/6
  1508 | D        | Killed a wandering mushroom
  1559 | D        | Killed a wandering mushroom
  1559 | D        | Reached skill level 9 in Long Blades
  1567 | D        | Found Tiun's Armour Emporium.
  1567 | D        | Found Soet's Jewellery Shoppe.
  1625 | D        | Noticed a queen bee
  1634 | D        | Reached *** piety under Trog
  1634 | D        | Reached skill level 5 in Evocations
  1640 | D        | Killed a queen bee
  1640 | D        | Reached skill level 10 in Long Blades
  1640 | D        | Reached skill level 5 in Stealth
  1640 | D        | Reached XP level 8. HP: 78/78 MP: 5/7
  1645 | D        | Reached **** piety under Trog
  1690 | D        | Noticed an oklob plant
  1702 | D        | Killed an oklob plant
  1702 | D        | Reached skill level 11 in Long Blades
  1917 | D        | Noticed a burning bush
  1929 | D        | Killed a burning bush
  1929 | D        | Reached skill level 12 in Long Blades
  2040 | D        | Noticed a burning bush
  2040 | D        | Noticed an oklob plant
  2041 | D        | Noticed a wandering mushroom
  2054 | D        | Killed an oklob plant
  2054 | D        | Reached skill level 10 in Fighting
  2054 | D        | Reached XP level 9. HP: 18/85 MP: 6/8
  2058 | D        | HP: 3/127 [acid (20)]
  2062 | D        | HP: 1/127 [wandering mushroom (2)]
  2062 | D        | Killed from afar by a burning bush

Illustrated notes

Levels and vault maps discovered:
D:        dungeon_sprint_fedhas [sprint_temple]

Skill      XL: |  1  2  3  4  5  6  7  8 |
---------------+-------------------------+-----
Fighting       | 4 5 6 7 8 9 10 | 10.0
Armour         | 4 5 7 8 10 11 | 11.2
Shields        | 4 5 6 7 8 9 |  9.7
Long Blades    | 3 4 5 8 10 12 | 12.9
Stealth        | 2 3 5 7 |  7.0
Evocations     | 2 4 5 6 |  6.4
Dodging        | 1 2 3 |  3.2

Action                   |  1- 3 |  4- 6 |  7- 9 || total
-------------------------+-------+-------+-------++-------
Melee: Long sword        |    16 |    22 |    58 ||    96
       Headbutt          |     4 |     6 |    18 ||    28
Invok: Berserk           |       |     2 |     2 ||     4
 Abil: Evoke Invisibilit |     1 |     3 |     3 ||     7
  Use: Potion            |     1 |       |       ||     1
 Stab: Invisible         |     1 |     3 |     5 ||     9
       Sleeping          |       |       |     1 ||     1
Armor: Scale mail        |     4 |     3 |     5 ||    12
Dodge: Dodged            |     6 |     4 |    15 ||    25
Block: Kite shield       |     5 |     4 |    11 ||    20
       Rpst.: Long sword |     1 |     2 |     2 ||     5

Table legend: (Time is in decaauts)
 A = Elapsed time spent in this place.
 B = Non-inter-level travel time spent in this place.
 C = Inter-level travel time spent in this place.
 D = Time resting spent in this place.
 E = Time spent auto-exploring this place.
 F = Levels seen in this place.
 G = Mean time per level.
                   A        B        C        D        E       F      G
               +--------+--------+--------+--------+--------+-----+--------+
         Total |   2100 |   2100 |      0 |   1698 |      2 |   1 | 2100.0 |
       Dungeon |   2100 |   2100 |      0 |   1698 |      2 |   1 | 2100.0 |
               +--------+--------+--------+--------+--------+-----+--------+

Top non-repeatable levels by time:
       D: 2100 daAuts
